 Dungeon Crawl Stone Soup version 0.31-a0-1611-g890cdf5628 (webtiles) character file.

Game seed: 6314703013166216085

107 Aneyh the Ducker (level 4, 0/28 HPs)
             Began as a Tengu Monk on Jan 8, 2024.
             Slain by a gnoll
             ... wielding a +0 halberd of flaming
              (1 damage)
             ... on level 3 of the Dungeon.
             The game lasted 00:03:33 (2059 turns).

Aneyh the Ducker (Tengu Monk)                       Turns: 2059, Time: 00:03:35

Health: 0/28       AC:  3    Str: 14    XL:     4   Next: 86%
Magic:  14/14      EV: 13    Int: 10    God:
Gold:   58         SH:  0    Dex: 16    Spells: 3/3 levels left

rFire   . . .        g - +0 spear
rCold   . . .        (no shield)
rNeg    . . .        e - +0 leather armour
rPois   .            (helmet restricted)
rElec   .            (no cloak)
rCorr   .            (no gloves)
SInv    .            (boots unavailable)
Will    .....        (no amulet)
Stlth   +            i - ring of magical power
HPRegen 0.24/turn    (no ring)
MPRegen 0.14/turn

%: acrobat
@: very slow
A: beak, talons 3, acrobatic
a: no special abilities


You were on level 3 of the Dungeon.
You visited 1 branch of the dungeon, and saw 3 of its levels.

You collected 58 gold pieces.

Inventory:

Hand Weapons
 g - a +0 spear (weapon)
Armour
 a - a +0 robe
 c - an orb of light
 e - a +0 leather armour (worn)
Jewellery
 i - a ring of magical power (left hand)
 l - a ring of fire
Talismans
 d - a maw talisman
Wands
 m - a wand of mindburst (13)
Scrolls
 b - a scroll of blinking {unknown}
 h - a scroll of brand weapon {unknown}
 j - a scroll of torment {unknown}
 k - a scroll of identify {unknown}
 n - a scroll of teleportation {unknown}
Potions
 f - a potion of curing


   Skills:
 + Level 3.5 Fighting
 + Level 1.4 Polearms
 * Level 1.7 Armour
 + Level 4.0 Dodging
 + Level 0.1 Stealth
 + Level 3.8 Unarmed Combat
 * Level 1.2 Summonings


You had 3 spell levels left.
You didn't know any spells.
Your spell library contained the following spells:

 Spells                   Type           Power      Damage    Failure   Level
 Call Canine Familiar     Summ           2%         N/A       65%         3
 Sigil of Binding         Hex            0%         N/A       80%         3
 Dimensional Bullseye     Hex/Tloc       0%         N/A       99%         4


Dungeon Overview and Level Annotations

Branches:
Dungeon (3/15)

Altars:

Shops:
D:2 (:


Innate Abilities, Weirdness & Mutations

You have a beak for a mouth.
You have claws for feet.
You can magically evade attacks while moving or waiting.


Message History

It was a potion of curing.
You feel better. The gnoll barely misses you. The gnoll closely misses you.
The gnoll hits you from afar with a +0 halberd of flaming.
* * * LOW HITPOINT WARNING * * *
The gnoll burns you.
* * * LOW HITPOINT WARNING * * *
The gnoll attacks as it pursues you! The gnoll completely misses you.
You enter the shallow water.
Moving in this stuff is going to be slow.
You enter the shallow water.
Moving in this stuff is going to be slow.
The gnoll hits the plant with a +0 halberd of flaming!
The plant begins to die.
The gnoll burns the plant.
You see here a ball python corpse.
The gnoll attacks as it pursues you! The gnoll completely misses you.
A nearby plant withers and dies.
Why would you want to do that? Why would you want to do that?
Why would you want to do that? The gnoll attacks as it pursues you!
The gnoll splashes around in the water.
The gnoll splashes around in the water.
The gnoll attacks as it pursues you!
The gnoll splashes around in the water.
The gnoll hits the plant with a +0 halberd of flaming.
The plant begins to die.
The gnoll burns the plant.
Found a stone staircase leading up.
The gnoll attacks as it pursues you!
The gnoll splashes around in the water.
A nearby plant withers and dies.
You barely miss the gnoll.
The gnoll is heavily wounded.
The gnoll misses you.
Your unstable footing causes you to fumble your attack.
The gnoll completely misses you.
Your unstable footing causes you to fumble your attack.
The gnoll hits you from afar with a +0 halberd of flaming!
* * * LOW HITPOINT WARNING * * *
The gnoll burns you.
* * * LOW HITPOINT WARNING * * *
The gnoll hits you but does no damage.
The gnoll hits you from afar with a +0 halberd of flaming.
You die...

### .. #♣ ###.... .♣
....... .. ###.... #. ##
. #.## .# ### <.# .#
##♣~♣♣♣~##### ##
#~~~~~gg♣...# #####
#P~~P~PP@PP♣♣ ....#
##♣~~~~g≈≈~~P♣♣
#...####P~~P~~~≈≈≈≈~~~~~
.......♣~†P~~~~~P~~~~~~P
.......♣~P~†~~P~~~PP~~~♣
.........~.~.~..~~~~~♣♣#
..#.....†............#
..#..♣~~~~..~........#
.....♣~♣~~~PP~.~~....#


You could see 3 gnolls.

Vanquished Creatures
  A sleepcap (D:2)
  Jessica (D:3)
  An adder (D:3)
  6 orcs (D:3)
  2 endoplasms
  2 giant cockroaches
  3 goblins
  3 hobgoblins
  2 jackals (D:3)
  A kobold (D:1)
  2 quokkas (D:1)
  7 ball pythons
  2 bats
  A frilled lizard (D:3)
  5 rats
39 creatures vanquished.

Notes
Turn   | Place    | Note
-------+----------+-------------------------------------------
     0 | D:1      | Aneyh the Tengu Monk began the quest for the Orb.
     0 | D:1      | Reached XP level 1. HP: 14/14 MP: 2/2
   126 | D:1      | Reached XP level 2. HP: 19/19 MP: 3/3
   571 | D:1      | Found a faded altar of an unknown god.
   778 | D:2      | Reached XP level 3. HP: 19/23 MP: 4/4
  1191 | D:2      | Found Xewkuc's Antique Weapon Emporium.
  1196 | D:2      | Reached skill level 1 in Armour
  1267 | D:2      | Found Gahu's Vocational Training.
  1773 | D:3      | Noticed Jessica
  1778 | D:3      | Reached skill level 4 in Dodging
  1778 | D:3      | Reached XP level 4. HP: 28/28 MP: 5/5
  1784 | D:3      | Killed Jessica
  1785 | D:3      | Reached skill level 1 in Polearms
  1785 | D:3      | Reached skill level 1 in Summonings
  2029 | D:3      | HP: 1/28 [gnoll/+0 flail (11)]
  2059 | D:3      | HP: 1/28 [gnoll/+0 halberd of flaming (3)]
  2059 | D:3      | Slain by a gnoll

Illustrated notes

Levels and vault maps discovered:
D:1:      scummos_arrival_star, layout_loops_ring,
          ebering_ecumenical_altar_webs, minmay_pentomino_u4
D:2:      layout_basic, serial_shops, nicolae_shop_peninsula,
          grunt_decor_one_mirror, nicolae_shop_vocational
D:3:      layout_rooms, tgw_trog, serial_forest, infiniplex_forest_straight_5,
          infiniplex_forest_zigzag_2, infiniplex_forest_straight_3,
          infiniplex_forest_clump_curved, infiniplex_forest_end_1,
          infiniplex_forest_zigzag_2, infiniplex_forest_end_double,
          minmay_strange_pillars, serial_bayou_ford_a, uniq_jessica

Skill      XL: |  1  2  3  4 |
---------------+-------------+-----
Armour         | 1 |  1.7
Dodging        | 4 |  4.0
Polearms       | 1 |  1.4
Summonings     | 1 |  1.2
Fighting       | |  3.5
Stealth        | |  0.1
Unarmed Combat | |  3.8

Action                     |  1- 3 |  4- 6 || total
---------------------------+-------+-------++-------
  Melee: Unarmed           |    22 |       ||    22
         Kick              |    20 |    11 ||    31
         Peck              |    15 |     4 ||    19
         Spear             |    57 |    39 ||    96
         Punch             |     1 |       ||     1
    Use: Potion            |     1 |     1 ||     2
   Stab: Sleeping          |     1 |     1 ||     2
 Armour: Robe              |     5 |       ||     5
         Leather armour    |    17 |    15 ||    32
  Dodge: Dodged            |    40 |    25 ||    65

Table legend: (Time is in decaauts)
 A = Elapsed time spent in this place.
 B = Non-inter-level travel time spent in this place.
 C = Inter-level travel time spent in this place.
 D = Time resting spent in this place.
 E = Time spent auto-exploring this place.
 F = Levels seen in this place.
 G = Mean time per level.
                   A        B        C        D        E       F      G
               +--------+--------+--------+--------+--------+-----+--------+
         Total |   2074 |   1935 |    139 |    117 |   1480 |   3 |  691.3 |
       Dungeon |   2074 |   1935 |    139 |    117 |   1480 |   3 |  691.3 |
               +--------+--------+--------+--------+--------+-----+--------+

Top non-repeatable levels by time:
     D:2: 929 daAuts
     D:1: 740 daAuts
     D:3: 405 daAuts
